AoeStats
← tobinho_125

Pilgrims

507798705Analyzed
4v4 RM · 12d ago on Sep 19, 2026· 35m 22s· 8 players
Game mode
Random Map
Map size
Large (8 player)
Population
200
Speed
Normal
Resources
Standard
Victory
Conquest
Starting age
Dark Age
Ending age
Imperial Age
RankedLock teamsTeams togetherTeam positionsShared explorationLock speedFull tech treeHidden civsTurbo modeCheats
Victory
Defeat
🇩🇪 Jurchens · Germany
918
+14
🇩🇪 Vietnamese · Germany
894
+15
🇪🇸 Chinese · Spain
802
+19
🇹🇷 Koreans · Türkiye
783
+21
🇺🇸 Teutons · United States
907
-19
🇭🇺 Byzantines · Hungary
894
-18
🇨🇱 Huns · Chile
853
-16
🇨🇴 Ethiopians · Colombia
850
-16
Ka$
16:20 Feudal Age
22:49 Castle Age
21:58 Fishing Lines
23:57 Crossbowman
24:56 Fletching
25:47 Padded Archer Armor
26:06 Gold Mining
28:11 Wheelbarrow
28:40 Gold Shaft Mining
28:15 Horse Collar
28:57 Double-Bit Axe
29:59 Hand Cart
31:38 Thumb Ring
31:52 Leather Archer Armor
35:30 Imperial Age
33:28 Bodkin Arrow
34:03 Town Watch
Booger Flicker X
6:23 Loom
20:09 Feudal Age
24:46 Castle Age
24:33 Fletching
26:11 Bodkin Arrow
26:03 Horse Collar
26:09 Double-Bit Axe
27:01 Wheelbarrow
31:08 Hand Cart
31:08 Fishing Lines
33:01 Heavy Plow
THEAVENGR
13:46 Feudal Age
14:57 Double-Bit Axe
17:29 Castle Age
16:06 Fishing Lines
19:42 Bow Saw
21:26 Loom
22:17 Wheelbarrow
22:32 Gillnets
24:07 Hand Cart
23:35 Horse Collar
24:45 Gold Mining
24:46 Stone Mining
26:08 Stone Mining
27:01 Heavy Plow
26:59 Pikeman
27:41 Squires
29:15 Gold Shaft Mining
29:15 Stone Shaft Mining
31:07 Forging
30:57 Scale Mail Armor
30:56 Gambesons
30:32 Man-at-Arms
30:57 Arson
33:54 Imperial Age
32:02 Treadmill Crane
32:17 Murder Holes
32:43 Ballistics
32:36 Fortified Wall
32:13 Long Swordsman
34:37 Iron Casting
34:17 Chain Mail Armor
34:08 Scale Barding Armor
34:17 Halberdier
35:17 Logistica
35:30 Conscription
35:48 Hoardings
rodrigoalex3500
3:40 Loom
11:11 Feudal Age
12:37 Wheelbarrow
11:48 Town Watch
11:50 Double-Bit Axe
12:31 Horse Collar
17:16 Gold Mining
21:46 Castle Age
23:03 Hand Cart
22:50 Town Patrol
24:04 Bow Saw
25:30 Stone Mining
31:57 Gold Shaft Mining
32:46 Ballistics
Khirs
4:50 Loom
11:52 Feudal Age
12:43 Double-Bit Axe
13:30 Horse Collar
18:34 Stone Mining
24:05 Gold Mining
26:46 Castle Age
26:20 Fletching
27:45 Bodkin Arrow
28:40 Bow Saw
29:52 Murder Holes
30:07 Heavy Plow
32:56 Ballistics
33:55 Thumb Ring
33:53 Padded Archer Armor
35:24 Wheelbarrow
35:05 Masonry
37:39 Imperial Age
35:54 Great Wall
Cramgee
8:54 Loom
14:22 Feudal Age
17:04 Wheelbarrow
17:00 Arson
17:18 Man-at-Arms
18:08 Horse Collar
18:15 Double-Bit Axe
21:18 Castle Age
19:55 Fletching
21:17 Fishing Lines
21:23 Crossbowman
22:35 Thumb Ring
23:24 Town Watch
25:27 Bodkin Arrow
25:33 Padded Archer Armor
27:30 Gillnets
34:47 Imperial Age
32:35 Hand Cart
33:03 Leather Archer Armor
tobinho_125
9:53 Loom
11:38 Feudal Age
19:02 Castle Age
21:38 Wheelbarrow
23:11 Murder Holes
26:17 Padded Archer Armor
31:59 Horse Collar
RİGBY
6:08 Loom
19:02 Feudal Age
20:44 Man-at-Arms
21:10 Arson
21:36 Double-Bit Axe
21:39 Horse Collar
26:39 Forging
26:30 Scale Mail Armor
26:21 Fletching
29:18 Castle Age
27:56 Wheelbarrow
29:25 Gold Mining
29:25 Stone Mining
31:32 Squires
34:12 Stone Shaft Mining
34:13 Gold Shaft Mining
34:04 Gambesons
Connection lost

Rejoining the realm…

Still unreachable

The connection could not be restored.

Session expired

The server has moved on; the page needs a fresh start.